noty, neutral male scurrid Tourist @ noty the Rambler Experience level: 1 Strength: 10 Dexterity: 8 Constitution: 14 Intelligence: 13 Wisdom: 15 Charisma: 15 Health: 0(9) Energy: 2(2) Def: 0 Gold: 783 Moves: 45 Dungeon seed: GKHNCX483fKcxCuZ Game ID: noty_1498607997 Your Inventory: Coins $ - 783 gold pieces Weapons a - 52 uncursed +2 darts (in quiver) Armor e - an uncursed +0 Hawaiian shirt (being worn) Comestibles b - an uncursed chestnut c - 3 uncursed tripe rations d - 4 uncursed food rations f - an uncursed egg g - an uncursed carrot h - an uncursed cram ration Scrolls j - 4 uncursed scrolls of magic mapping Potions i - 2 uncursed potions of extra healing Rings o - a cursed -1 ring of gain constitution Wands m - an uncursed wand of secret door detection (0:14) Tools k - an uncursed expensive camera (0:79) l - an uncursed credit card n - an uncursed towel Spells and supernatural/magical abilities: Name Level Category Fail Memory W - pray for help -- divine ? -- Your skills at the end: Miscellaneous Skills wands [Basic] Weapon Skills dart [Basic] Spellcasting Skills Final Attributes: You were devoutly aligned. You had infravision. You were very stealthy. You were swallowed by an ice vortex. You are dead. Vanquished creatures: 3 rothes Voluntary challenges: You went without food. You did not adorn yourself with jewelry or accessories. You did not cause conflict. You were not invisible. You did not have reflection. You were not displaced. You were an atheist. You never hit with a wielded weapon. You were a pacifist. You did not use tools. You did not use plumbed fixtures. You did not drink any magical draughts. You were illiterate. You never genocided any monsters. You never polymorphed an object. You never changed form. You used no wishes. You never split a pudding. You never wrote Elbereth's name. You never violated your personal moral code. Dungeon overview: The Dungeons of Doom: levels 1 to 17 Level 1 a long staircase Level 2 Level 3 Level 4 Level 5 Level 6 Level 7 Level 8 Level 9 a fountain Level 10 Level 11 Level 12 Level 13 Level 14 Level 15 Level 16 Level 17 <- You were here History has recorded: On T:1 you entered the Dungeons of Doom to retrieve the Amulet of Yendor! On T:4 you reached level 2 of The Dungeons of Doom. On T:7 you reached level 3 of The Dungeons of Doom. On T:9 you reached level 4 of The Dungeons of Doom. On T:11 you reached level 5 of The Dungeons of Doom. On T:13 you reached level 6 of The Dungeons of Doom. On T:16 you reached level 7 of The Dungeons of Doom. On T:18 you reached level 8 of The Dungeons of Doom. On T:20 you reached level 9 of The Dungeons of Doom. On T:22 you reached level 10 of The Dungeons of Doom. On T:26 you reached level 11 of The Dungeons of Doom. On T:28 you reached level 12 of The Dungeons of Doom. On T:31 you reached level 13 of The Dungeons of Doom. On T:33 you reached level 14 of The Dungeons of Doom. On T:35 you reached level 15 of The Dungeons of Doom. On T:37 you reached level 16 of The Dungeons of Doom. On T:40 you reached level 17 of The Dungeons of Doom. Score breakdown: Gold: 0 ( 0 points) Experience: 1 level ( 0 points) Exploration: 17 levels ( 480 points) Discoveries: 1 item ( 50 points) Variety of kills: 1 monster ( 50 points) Major goal: (nothing yet) ( 0 points) Survival: died (score multiplied by 3) Total score: 1740 Latest messages: You dig a pit in the floor. You continue digging downward. You dig a hole through the floor. You fall through... The ice vortex is hit by an arrow! You start digging downward. You continue digging downward. You dig a pit in the floor. The ice vortex engulfs you! You are released from the trap! You are freezing to death! That command is only available in debug mode. You claw the ice vortex. You have no weapon equipped. You claw the ice vortex. You are freezing to death! You are engulfed, and cannot go down. You are freezing to death! You are engulfed, and cannot go down. (2x) You are freezing to death! (2x) You die... Final status: Aloha noty the Tourist, killed by an ice vortex... You died in The Dungeons of Doom on dungeon level 17 with 1740 points, and 783 pieces of gold, after 45 moves. You were level 1 with a maximum of 9 hit points when you died.